 Dungeon Crawl Stone Soup version 0.31-a0-455-g1a7b003ef0 (webtiles) character file.

Game seed: 14639777230840193193

4 kae the Changeling (level 1, 0/16 HPs)
             Began as a Draconian Shapeshifter on Aug 3, 2023.
             Frozen to death by an endoplasm (2 damage)
             ... on level 1 of the Dungeon.
             The game lasted 00:00:08 (158 turns).

kae the Changeling (Draconian Shapeshifter)          Turns: 158, Time: 00:00:09

Health: 0/16       AC:  4    Str: 17    XL:     1   Next: 58%
Magic:  1/1        EV: 12    Int:  8    God:
Gold:   10         SH:  0    Dex: 11    Spells: 0/0 levels left

rFire   . .          .
                       - Unarmed
rCold   . . .        (no shield)
rNeg    . . .        (body armour unavailable)
rPois   .            (helmet currently unavailable)
rElec   .            (cloak currently unavailable)
rCorr   .            (gloves currently unavailable)
SInv    .            (boots currently unavailable)
Will    .....        (no amulet)
Stlth   +            (no ring)
HPRegen 0.22/turn    (no ring)
MPRegen 0.07/turn

%: no passive effects
@: beast-form, slowed, very slow
A: beast (slay +2), AC +4, unfitting armour, cold-blooded
a: Begin Untransformation


You were on level 1 of the Dungeon.
You were a hulking beast.
You visited 1 branch of the dungeon, and saw 1 of its levels.

You collected 10 gold pieces.


Innate Abilities, Weirdness & Mutations

You are a hulking beast.
Your limbs bulge with bestial killing power. (Slay +2)
Your plain brown scales are hard. (AC +4)
You cannot fit into any form of body armour.
You are cold-blooded and may be slowed by cold attacks.


   Skills:
 - Level 1.1 Fighting
 - Level 1.7 Dodging
 - Level 3.0 Unarmed Combat
 + Level 3.2 Shapeshifting


You couldn't memorise any spells.
You didn't know any spells.
Your spell library was empty.

Inventory:

Talismans
 b - a beast talisman (active)
Scrolls
 d - a scroll of brand weapon {unknown}
Potions
 a - a potion of lignification {!q}
 c - a potion of heal wounds {unknown}

Dungeon Overview and Level Annotations

Branches:
Dungeon (1/15) Zot: 5838

Altars:

....# #. .# .#.####
.### .### #. #.......
........# .. ....[..>
... ..# .# ........
.....#..# ..#.# .#
#.#.#..# ....# #. .#
#......# .#### #...#
####.##.### .# #...#
#.hJS.......
.########...#
#.##.##.####
........#...###.##.#
.###
..............#.##..
...
..####..##.##.#.#####†#
..#........#..........#
#.#..#...###..#.......#
#.#..#........######.##
#..............# #.##


You could see an endoplasm and a ball python.


Message History

Press ? for a list of commands and other information.
Found a smoky cyan potion.
Found a staircase leading out of the dungeon.
c - a smoky cyan potion Unknown command.
You open the large door.
There is a large open door here.
Found a stone staircase leading down.
No target in view!
No target in view!
You now have 10 gold pieces.
d - a scroll labelled REIJ GABBIT No target in view!
No target in view!
A giant cockroach comes into view.
The giant cockroach waves its antennae.
A giant cockroach is nearby!
The giant cockroach bites you. 😕 HP[-1]
You take 1 damage, and now have 15/16 hp.
A giant cockroach is nearby!
You closely miss the giant cockroach. The giant cockroach bites you.
You hit the giant cockroach.
The giant cockroach bites you but does no damage. 😕 HP[-1]
You take 1 damage, and now have 14/16 hp.
You aren't carrying any pieces of jewellery.
Unknown command.
You hit the giant cockroach.
You tail-slap the giant cockroach, but do no damage.
The giant cockroach barely misses you.
You hit the giant cockroach.
You kill the giant cockroach!
A frilled lizard comes into view.
The frilled lizard hisses angrily. 😎 HP[+2]
Your hp is fully restored (16).
The frilled lizard barely misses you.
You punch the frilled lizard!
You kill the frilled lizard!
A quokka comes into view.
A quokka is nearby!
A quokka is nearby!
You punch the quokka!
You kill the quokka!
No target in view!
A ball python comes into view.
A ball python is nearby!
You closely miss the ball python. You tail-slap the ball python.
You kill the ball python!
No target in view!
You aren't carrying any pieces of jewellery.
Unknown command.
You aren't carrying any pieces of jewellery.
No target in view!
No target in view!
A ball python comes into view.
An endoplasm comes into view.
The ball python hisses angrily.
The endoplasm quivers.
The endoplasm freezes you.
You are frozen.
You feel yourself slow down.
You hit the endoplasm but do no damage.
The endoplasm hits you but does no damage.
The ball python misses you.
The ball python completely misses you. 😕 HP[-3]
You take 3 damage, and now have 13/16 hp.
You barely miss the endoplasm. The endoplasm freezes you.
You are frozen.
You feel as though you will be slow longer.
The ball python barely misses you. The ball python closely misses you.
The endoplasm hits you.
* * * LOW HITPOINT WARNING * * *
The ball python barely misses you. The ball python grabs you.
The ball python constricts you.
You are too injured to fight recklessly! 😨 HP[-7]
You take 7 damage, and now have 6/16 hp.
MASSIVE DAMAGE!! (PAUSE) Unknown command.
You escape the ball python's grasp.
The endoplasm attacks as you move away! The endoplasm misses you.
The ball python attacks as you move away!
The ball python barely misses you. The ball python misses you.
The endoplasm attacks as you move away! The endoplasm barely misses you. x2
You hit the endoplasm. The endoplasm hits you.
* * * LOW HITPOINT WARNING * * *
😱 HP[-2]
You take 2 damage, and now have 4/16 hp.
Unknown command.
You completely miss the endoplasm. The endoplasm freezes you.
You are frozen.
* * * LOW HITPOINT WARNING * * *
The endoplasm freezes you.
You are frozen.
You die...

Action                     || total
---------------------------++-------
  Melee: Unarmed           ||    11
         Tailslap          ||     2
 Armour: Skin              ||     2
  Dodge: Dodged            ||    12

Levels and vault maps discovered:
D:1:      lightli_arrival_noodles, layout_loops_cross

Notes
Turn   | Place    | Note
-------+----------+-------------------------------------------
     0 | D:1      | kae the Draconian Shapeshifter began the quest for the Orb.
     0 | D:1      | Reached XP level 1. HP: 16/16 MP: 1/1
     0 | D:1      | magus.rc [v1.11.3]
   157 | D:1      | HP: 4/16 [endoplasm (3)]
   158 | D:1      | Frozen to death by an endoplasm

Vanquished Creatures
  A ball python (D:1)
  A giant cockroach (D:1)
  A quokka (D:1)
  A frilled lizard (D:1)
4 creatures vanquished.

Table legend:
 A = Non-vault XP
 B = Vault XP
 C = Vault XP percentage of total XP
 D = Non-vault monster count
 E = Vault monster count
 F = Vault count percentage of total count
                 A         B        C        D         E       F
            +---------+---------+-------+---------+---------+-------
      Total |       7 |       0 |   0.0 |       4 |       0 |   0.0
            +---------+---------+-------+---------+---------+-------
        D:1 |       7 |       0 |   0.0 |       4 |       0 |   0.0
            +---------+---------+-------+---------+---------+-------

Action                     || total
---------------------------++-------
  Melee: Unarmed           ||    11
         Tailslap          ||     2
 Armour: Skin              ||     2
  Dodge: Dodged            ||    12

Illustrated notes

Table legend:
 A = Kills in this place as a percentage of kills in the entire game.
 B = Kills by you in this place as a percentage of kills by you in the entire game.
 C = Kills by friends in this place as a percentage of kills by friends in the entire game.
 D = Other kills in this place as a percentage of other kills in the entire game.
 E = Experience gained in this place as a percentage of experience gained in the entire game.
 F = Experience gained in this place divided by the number of levels of this place that you have seen.
                   A       B       C       D       E      F
               +-------+-------+-------+-------+-------+----------------------
         Total | 100.0 | 100.0 |   N/A |   N/A | 100.0 |   7.0
       Dungeon | 100.0 | 100.0 |   N/A |   N/A | 100.0 |   7.0
               +-------+-------+-------+-------+-------+----------------------

Table legend: (Time is in decaauts)
 A = Elapsed time spent in this place.
 B = Non-inter-level travel time spent in this place.
 C = Inter-level travel time spent in this place.
 D = Time resting spent in this place.
 E = Time spent auto-exploring this place.
 F = Levels seen in this place.
 G = Mean time per level.
                   A        B        C        D        E       F      G
               +--------+--------+--------+--------+--------+-----+--------+
         Total |    159 |    159 |      0 |      0 |    130 |   1 |  159.0 |
       Dungeon |    159 |    159 |      0 |      0 |    130 |   1 |  159.0 |
               +--------+--------+--------+--------+--------+-----+--------+

Top non-repeatable levels by time:
     D:1: 159 daAuts
